 Dungeon Crawl Stone Soup version 0.27.1-2-g3b301248ec (webtiles) character file.

Game seed: 14284301860888012084

89 Kinoniko the Chopper (level 4, -1/38 HPs)
             Began as a Ghoul Fighter on Sept 28, 2021.
             Slain by a water moccasin (4 damage)
             ... on level 3 of the Dungeon.
             The game lasted 00:01:23 (1642 turns).

Kinoniko the Chopper (Ghoul Fighter)                Turns: 1642, Time: 00:01:23

Health: -1/38      AC:  6    Str: 20    XL:     4   Next: 55%
Magic:  3/3        EV: 11    Int:  3    God:
Gold:   105        SH:  0    Dex:  8    Spells: 3/3 levels left

rFire    . . .     SeeInvis .   a - +0 war axe
rCold    + . .     Faith    .   (no shield)
rNeg     + + +     Spirit   .   l - +3 leather armour
rPois    ∞         Reflect  .   (no helmet)
rElec    .         Harm     .   (no cloak)
rCorr    .         Rampage  .   (no gloves)
Will     .....                  (no boots)
Stlth    +.........             (no amulet)
HPRegen  0.00/turn              (no ring)
MPRegen  0.08/turn              (no ring)

@: inhibited regen
A: claws 1, cold resistance 1, negative energy resistance 3, inhibited
regeneration, torment resistance 2
a: no special abilities


You were on level 3 of the Dungeon.
You visited 1 branch of the dungeon, and saw 3 of its levels.

You collected 105 gold pieces.

Inventory:

Hand Weapons
 a - a +0 war axe (weapon)
Missiles
 i - 2 throwing nets (quivered)
Armour
 b - a +0 scale mail
 c - a +0 kite shield
 l - a +3 leather armour (worn)
Scrolls
 e - 2 scrolls of teleportation {unknown}
 k - 2 scrolls of identify {unknown}
Potions
 d - a potion of might
 f - a potion of mutation {unknown}
 g - 2 potions of ambrosia {unknown}
 h - a potion of curing {unknown}
 j - a potion of heal wounds {unknown}


   Skills:
 - Level 3.2 Fighting
 * Level 4.2 Axes
 - Level 2.6 Armour
 - Level 2.6 Shields


You had 3 spell levels left.
You didn't know any spells.
Your spell library was empty.

Dungeon Overview and Level Annotations

Branches:
Dungeon (3/15)

Altars:
Hepliaklqana


Innate Abilities, Weirdness & Mutations

You thrive by killing the living.
You are immune to poison.
You have sharp fingernails.
Your flesh is cold resistant. (rC+)
You are immune to negative energy. (rN+++)
You do not regenerate when monsters are visible.
You are immune to unholy pain and torment.


Message History

Unknown command.
Unknown command.
HP restored.
A kobold comes into view. It is wielding a +0 dagger.
The kobold shouts!
You hear an angry hiss.
A kobold is nearby!
You hit the kobold.
You kill the kobold!
A water moccasin comes into view.
You see here a +0 dagger.
The water moccasin bites you! The water moccasin bites you.
You closely miss the water moccasin. The water moccasin bites you.
You closely miss the water moccasin. The water moccasin closely misses you.
The water moccasin completely misses you.
You barely miss the water moccasin. The water moccasin bites you.
The water moccasin bites you but does no damage.
You are too injured to fight recklessly!
You are too injured to fight recklessly!
You are too injured to fight recklessly!
You are too injured to fight recklessly!
A water moccasin is nearby!
Unknown command.
Sorry, you're not good enough to have a special ability.
You closely miss the water moccasin. The water moccasin bites you.
The water moccasin bites you but does no damage.
You barely miss the water moccasin. The water moccasin closely misses you.
The water moccasin bites you!
* * * LOW HITPOINT WARNING * * *
Unknown command.
You slash the water moccasin!
The water moccasin is heavily wounded.
The water moccasin bites you.
* * * LOW HITPOINT WARNING * * *
The water moccasin barely misses you.
Unknown command.
Unknown command.
You barely miss the water moccasin.
The water moccasin is heavily wounded.
The water moccasin bites you.
You die...

#.#....##.#
#.####<##.#
#.#..#.##.#
#.#....##.#
######.##.####.#
............)..#
........#.######
........#.####.#
........#..)@S.#
......).######.#
........# #
#########


You could see a water moccasin.

Vanquished Creatures
  Jessica (D:2)
  An adder (D:2)
  6 orcs
  2 bats (D:1)
  5 endoplasms
  5 goblins
  3 hobgoblins
  3 jackals (D:1)
  3 quokkas
  2 ball pythons
  5 frilled lizards
  5 kobolds
  3 rats
44 creatures vanquished.

Notes
Turn   | Place    | Note
-------+----------+-------------------------------------------
     0 | D:1      | Kinoniko the Ghoul Fighter began the quest for the Orb.
     0 | D:1      | Reached XP level 1. HP: 19/19 MP: 0/0
    19 | D:1      | Reached skill level 2 in Axes
   157 | D:1      | Reached XP level 2. HP: 26/26 MP: 1/1
   403 | D:1      | Reached skill level 3 in Axes
   406 | D:1      | Reached XP level 3. HP: 25/31 MP: 2/2
   985 | D:2      | Noticed Jessica
   996 | D:2      | Killed Jessica
   997 | D:2      | Reached XP level 4. HP: 20/38 MP: 3/3
  1216 | D:2      | Reached skill level 4 in Axes
  1253 | D:2      | Found a hazy altar of Hepliaklqana.
  1633 | D:3      | Noticed a water moccasin
  1642 | D:3      | Slain by a water moccasin

Illustrated notes

Levels and vault maps discovered:
D:1:      minmay_arrival_four_circles, layout_rooms
D:2:      layout_loops_corners, basic_altar, uniq_jessica
D:3:      layout_basic, serial_shops, nicolae_shop_behind_doors

Skill      XL: |  1  2  3  4 |
---------------+-------------+-----
Axes           | 2 3 4 |  4.2
Fighting       | |  3.2
Armour         | |  2.6
Shields        | |  2.6

Action                   |  1- 3 |  4- 6 || total
-------------------------+-------+-------++-------
Melee: War axe           |    82 |    42 ||   124
Armor: Scale mail        |    62 |    16 ||    78
       Leather armour    |       |     2 ||     2
Dodge: Dodged            |    63 |    21 ||    84
